 Dungeon Crawl Stone Soup version 0.28-a0-465-ge2dae52223 (webtiles) character file.

Game seed: 15766466506850227987

203 Yaksher the Gusty (level 5, -2/28 HPs)
             Began as a Tengu Air Elementalist on Sept 14, 2021.
             Was an Initiate of Qazlal.
             Shot with an arrow by a centaur (7 damage)
             ... on level 4 of the Dungeon.
             The game lasted 00:17:57 (4626 turns).

Yaksher the Gusty (Tengu Air Elementalist)          Turns: 4626, Time: 00:17:58

Health: -2/28      AC: 10    Str:  8    XL:     5   Next: 81%
Magic:  8/10       EV: 15    Int: 16    God:    Qazlal [......]
Gold:   211        SH:  0    Dex: 15    Spells: 2/9 levels left

rFire   . . .      SeeInvis .   b - +1 dagger (protect)
rCold   . . .      Faith    .   (no shield)
rNeg    . . .      Spirit   .   a - +1 robe
rPois   +          Reflect  .   (helmet restricted)
rElec   .          Harm     .   e - +2 cloak
rCorr   .          Rampage  .   (no gloves)
Will    .....                   (boots unavailable)
Stlth   ++........              o - amulet of regeneration
HPRegen 1.09/turn               d - ring of poison resistance
MPRegen 0.12/turn               m - +4 ring of protection

@: flying quickly and evasively, quick
A: beak, talons 3, nimble flight
a: Renounce Religion


You were on level 4 of the Dungeon.
You worshipped Qazlal.
Qazlal was noncommittal.
You visited 2 branches of the dungeon, and saw 5 of its levels.

You collected 211 gold pieces.

Inventory:

Hand Weapons
 b - a +1 dagger of protection (weapon)
Armour
 a - a +1 robe (worn)
 e - a +2 cloak (worn)
 f - a +0 ring mail of willpower
Jewellery
 d - a ring of poison resistance (left hand)
 h - a +6 ring of strength
 m - a +4 ring of protection (right hand)
 o - an amulet of regeneration (around neck)
Scrolls
 c - a scroll of torment {unknown}
 j - 2 scrolls of enchant armour
 k - a scroll of amnesia
 l - 2 scrolls of magic mapping
Potions
 g - a potion of haste
 i - a potion of mutation
 n - 3 potions of curing


   Skills:
 + Level 2.6 Dodging
 - Level 2.0 Stealth
 + Level 2.9 Spellcasting
 * Level 4.1 Conjurations
 + Level 6.1 Air Magic


You had 2 spell levels left.
You knew the following spells:

 Your Spells              Type           Power      Damage    Failure   Level
a - Shock                 Conj/Air       72%        1d7       2%          1
b - Static Discharge      Conj/Air       18%        N/A       3%          2
c - Airstrike             Air            11%        N/A       14%         4

Your spell library contained the following spells:

 Spells                   Type           Power      Damage    Failure   Level
 Swiftness                Air            22%        N/A       4%          3


Dungeon Overview and Level Annotations

Branches:
Dungeon (4/15)             Temple (1/1) D:4

Altars:
Dithmenos
Fedhas
Makhleb
Nemelex Xobeh
Okawaru
Qazlal
Ru
Sif Muna
Trog
Vehumet
Wu Jian
Yredelemnul
Zin
The Shining One

Shops:
D:2 ([(


Innate Abilities, Weirdness & Mutations

You have a beak for a mouth.
You have claws for feet.
Your magical nature lets you fly swiftly and evasively.


Message History

You see here 4 atropa-tipped darts.
The centaur shouts!
The centaur wields a +0 shortbow.
The centaur shoots an arrow.
The arrow misses you.
You see here 4 atropa-tipped darts.
Casting: Static Discharge (safe; 3% risk of failure)
Confirm with . or Enter, or press ? or * to list all spells.
Aiming: Shock (safe; 2% risk of failure)
Press: ? - help, Shift-Dir - straight line The zap hits the centaur.
The centaur is lightly wounded.
The zap hits the centaur.
The centaur is lightly wounded.
The centaur shoots an arrow.
The arrow barely misses you.
The centaur shoots an arrow.
The arrow hits you.
Casting: Shock (safe; 2% risk of failure)
Confirm with . or Enter, or press ? or * to list all spells.
Aiming: Shock (safe; 2% risk of failure)
Press: ? - help, Shift-Dir - straight line The zap hits the centaur.
The centaur is moderately wounded.
The zap hits the centaur but does no damage.
The centaur is moderately wounded.
Casting: Shock (safe; 2% risk of failure)
Confirm with . or Enter, or press ? or * to list all spells.
Aiming: Shock (safe; 2% risk of failure)
Press: ? - help, Shift-Dir - straight line The zap hits the centaur!
The centaur is heavily wounded.
The centaur shoots an arrow.
The arrow hits you!
The centaur shoots an arrow.
The arrow hits you.
The centaur shoots an arrow.
The arrow hits you.
The centaur shoots an arrow.
The arrow hits you but does no damage.
The centaur shoots an arrow.
The arrow hits you but does no damage.
The centaur shoots an arrow.
The arrow hits you!
* * * LOW HITPOINT WARNING * * *
The centaur shoots an arrow.
The arrow hits you.
* * * LOW HITPOINT WARNING * * *
The centaur shoots an arrow.
The arrow hits you!
You die...

#.....#.#.#(#.#.#.......
#c###.'..#⌠#.)'.......
##.####.#.#.#.#####...
#..# #.##.##.# ####
##.###.......###
#..#####'####.###
##.####.........####
##.##.............#
#@.#..............
##................
##...............
#...............
##...............
#................
#................
######................
#.....................


You could see a centaur.

Vanquished Creatures
  A hound (D:4)
  An orc priest (D:3)
  A hound zombie (D:4)
  A gnoll (D:1)
  4 adders
  A worm (D:2)
  2 dart slugs (D:2)
  5 orcs
  3 bats
  4 endoplasms
  4 giant cockroaches
  8 goblins
  4 hobgoblins
  7 jackals
  3 quokkas
  12 ball pythons
  3 frilled lizards
  4 kobolds
  4 rats
72 creatures vanquished.

Notes
Turn   | Place    | Note
-------+----------+-------------------------------------------
     0 | D:1      | Yaksher the Tengu Air Elementalist began the quest for the
                  | Orb.
     0 | D:1      | Reached XP level 1. HP: 10/10 MP: 4/4
    84 | D:1      | Found a faded altar of an unknown god.
   180 | D:1      | Reached XP level 2. HP: 9/15 MP: 0/6
   420 | D:1      | Reached XP level 3. HP: 14/19 MP: 0/7
   537 | D:1      | Reached skill level 5 in Air Magic
  1224 | D:1      | Learned a level 2 spell: Static Discharge
  1302 | D:2      | Found Hazulot's Antique Weapon Boutique.
  1696 | D:2      | Reached XP level 4. HP: 20/24 MP: 3/8
  1779 | D:2      | Found Visi's Weapon Boutique.
  2012 | D:2      | Found Yphaibof's Armour Shop.
  2607 | D:3      | Found a radiant altar of Vehumet.
  2618 | D:3      | Gained mutation: Your magical nature lets you fly swiftly
                  | and evasively. [Tengu growth]
  2618 | D:3      | Reached XP level 5. HP: 11/28 MP: 1/10
  2854 | D:3      | Reached skill level 6 in Air Magic
  2855 | D:3      | Became a worshipper of Vehumet
  3383 | D:4      | Learned a level 4 spell: Airstrike
  3650 | D:4      | Noticed a centaur
  3957 | D:4      | Found a staircase to the Ecumenical Temple.
  3970 | Temple   | Entered the Ecumenical Temple
  4038 | Temple   | Fell from the grace of Vehumet
  4038 | Temple   | Became a worshipper of Qazlal Stormbringer
  4626 | D:4      | Shot with an arrow by a centaur

Illustrated notes

Levels and vault maps discovered:
D:1:      dpeg_arrival_simpleton_c, layout_loops_cross,
          hellmonk_ecumenical_altar_slurped_away, minmay_pentomino_u4
D:2:      layout_loops_ring, serial_shops, nicolae_shop_stone,
          nicolae_shop_trees, nicolae_shop_statue_plus, minmay_misc_feat_cross
D:3:      layout_basic, vehumet_crystals
D:4:      layout_cave_pods, minmay_temple_entry_mist, serial_park,
          serial_park_paths [serial_park_minivault_5x5_8], serial_park_tiny_1,
          serial_park_square3 [serial_park_minivault_5x5_2],
          kennysheep_generic_room_9
Temple:   cyrus_circular_temple

Skill      XL: |  1  2  3  4  5 |
---------------+----------------+-----
Air Magic      | 5 6 |  6.1
Conjurations   | 2 3 4 |  4.1
Dodging        | |  2.6
Stealth        | |  2.0
Spellcasting   | |  2.9

Action                   |  1- 3 |  4- 6 || total
-------------------------+-------+-------++-------
Melee: Unarmed           |     3 |       ||     3
       Kick              |     2 |       ||     2
       Dagger            |     5 |       ||     5
 Cast: Shock             |    68 |    83 ||   151
       Static Discharge  |     1 |     9 ||    10
  Use: Scroll            |       |    10 ||    10
Armor: Robe              |     7 |     6 ||    13
Dodge: Dodged            |    11 |    10 ||    21

Table legend: (Time is in decaauts)
 A = Elapsed time spent in this place.
 B = Non-inter-level travel time spent in this place.
 C = Inter-level travel time spent in this place.
 D = Time resting spent in this place.
 E = Time spent auto-exploring this place.
 F = Levels seen in this place.
 G = Mean time per level.
                   A        B        C        D        E       F      G
               +--------+--------+--------+--------+--------+-----+--------+
         Total |   4493 |   4159 |    334 |    261 |   3427 |   5 |  898.6 |
       Dungeon |   4416 |   4127 |    289 |    261 |   3401 |   4 | 1104.0 |
        Temple |     77 |     32 |     45 |      0 |     26 |   1 |   77.0 |
               +--------+--------+--------+--------+--------+-----+--------+

Top non-repeatable levels by time:
     D:1: 1224 daAuts
     D:4: 1169 daAuts
     D:2: 1106 daAuts
     D:3: 915 daAuts
  Temple: 77 daAuts
